 Dungeon Crawl Stone Soup version 0.29.1-15-g9cfb28693d (webtiles) character file.

Game seed: 10336415195013805903

77 protoss039 the Digger (level 4, 33/33 HPs)
             Began as a Demonspawn Earth Elementalist on Mar 9, 2023.
             Got out of the dungeon alive.
             The game lasted 00:02:05 (1711 turns).

protoss039 the Digger (DsEE)                        Turns: 1711, Time: 00:02:06

Health: 33/33      AC:  2    Str:  9    XL:     4   Next: 14%
Magic:  8/8        EV: 12    Int: 18    God:
Gold:   175        SH:  0    Dex: 13    Spells: 7/8 levels left

rFire   . . .      SeeInvis .   p - +0 spear
rCold   . . .      Faith    .   (no shield)
rNeg    . . .      Spirit   .   a - +0 robe
rPois   .          Reflect  .   (no helmet)
rElec   .          Harm     .   (no cloak)
rCorr   .          Rampage  .   (no gloves)
Will    .....                   (no boots)
Stlth   ++........              (no amulet)
HPRegen 0.11/turn               (no ring)
MPRegen 0.11/turn               (no ring)

@: no status effects
A: demonic guardian 1, sanguine armour 1
a: no special abilities


You escaped.
You visited 1 branch of the dungeon, and saw 4 of its levels.

You collected 175 gold pieces.

Inventory:

Hand Weapons
 p - a +0 spear (weapon)
Missiles
 n - a throwing net
Armour
 a - a +0 robe (worn)
Jewellery
 c - a ring of positive energy
 g - a ring of flight
Scrolls
 d - 9 scrolls of identify {unknown}
 e - 2 scrolls of poison {unknown}
 f - a scroll of torment {unknown}
 i - a scroll of amnesia {unknown}
 k - a scroll of teleportation {unknown}
 l - a scroll of vulnerability {unknown}
Potions
 b - a potion of magic
 h - a potion of invisibility {unknown}
 j - a potion of berserk rage {unknown}
 m - 3 potions of curing {unknown}
 o - a potion of might {unknown}


   Skills:
 + Level 2.0 Fighting
 - Level 1.7 Dodging
 - Level 1.7 Stealth
 + Level 2.8 Spellcasting
 - Level 0.8 Transmutations
 + Level 3.4 Earth Magic


You had 7 spell levels left.
You knew the following spells:

 Your Spells              Type           Power      Damage    Failure   Level
a - Sandblast             Erth           30%        2d9       4%          1

Your spell library contained the following spells:

 Spells                   Type           Power      Damage    Failure   Level
 Passwall                 Tmut/Erth      8%         N/A       11%         2
 Summon Small Mammal      Summ           8%         N/A       17%         1
 Stone Arrow              Conj/Erth      16%        3d8       24%         3
 Call Canine Familiar     Summ           2%         N/A       45%         3
 Summon Guardian Golem    Hex/Summ       2%         N/A       45%         3
 Petrify                  Tmut/Erth      10%        N/A       56%         4


Dungeon Overview and Level Annotations

Branches:
Dungeon (4/15) Zot: 22265
 Temple: D:4-7

Altars:
Okawaru

Annotations:
D:4 exclusion: howler monkey


Innate Abilities, Weirdness & Mutations

A weak demonic guardian rushes to your aid.
When seriously injured, your blood forms armour. (AC +0)


Message History

Your Fighting skill increases to level 2!
You have reached level 4!
You feel stronger.
Your demonic ancestry asserts itself...
You feel the presence of a demonic guardian.
Unknown command.
You see here an adder corpse.
Found a stone staircase leading up.
You now have 175 gold pieces (gained 17).
A dart slug comes into view.
A dart slug is nearby!
Casting: Sandblast (safe; 4% risk of failure)
Confirm with . or Enter, or press ? or * to list all spells.
Aiming: Sandblast (safe; 4% risk of failure)
Press: ? - help, Shift-Dir - straight line, f - dart slug
Aim: a dart slug (100% to hit)
The blast of sand hits the dart slug.
The dart slug is moderately wounded.
The dart slug launches a dart at you. The slug dart misses you.
Casting: Sandblast (safe; 4% risk of failure)
Confirm with . or Enter, or press ? or * to list all spells.
Aiming: Sandblast (safe; 4% risk of failure)
Press: ? - help, Shift-Dir - straight line, f/p - dart slug
Aim: a dart slug (moderately wounded, 100% to hit)
The blast of sand hits the dart slug!
You kill the dart slug!
Unknown command.
There is a stone staircase leading up here.
You climb upwards.
Found 18 gold pieces.
Found an iron altar of Okawaru.
There is a stone staircase leading down here.
Unknown command.
Magic restored.
There is a stone staircase leading up here.
You climb upwards.
There is a stone staircase leading down here.
There is an open door here.
There is a staircase leading out of the dungeon here.
Are you sure you want to leave the Dungeon?
This will make you lose the game!
You have escaped!

.....##.##.###...#
..............#.##
##.....###.##.#.####
##.......).........##
#..###############..#
...#⌠.....⌠.≈≈≈≈⌠##.#
.#.#.........≈≈≈≈##.#
.#.#..........≈≈≈##.#
.#.#>..##...##..@##.#
.#.#...##...##...##.#
...#.............##.#
..########'########.#
.## #.......# #.# ####
##.####### #.#
...#####..# #.#
.........###### #.##
####..##....>.#####..#


There were no monsters in sight!

Vanquished Creatures
  4 gnolls (D:3)
  An adder (D:3)
  A worm (D:2)
  2 dart slugs
  4 bats
  2 endoplasms (D:3)
  3 hobgoblins
  A quokka (D:2)
  3 ball pythons
  3 frilled lizards
  A goblin (D:3)
  2 rats (D:3)
27 creatures vanquished.

Notes
Turn   | Place    | Note
-------+----------+-------------------------------------------
     0 | D:1      | protoss039 the Demonspawn Earth Elementalist began the
                  | quest for the Orb.
     0 | D:1      | Reached XP level 1. HP: 13/13 MP: 3/3
   622 | D:2      | Gained mutation: When seriously injured, your blood forms
                  | armour. (AC +0) [demonic ancestry]
   622 | D:2      | Reached XP level 2. HP: 20/20 MP: 0/5
   723 | D:2      | Reached skill level 1 in Fighting
   723 | D:2      | Reached skill level 3 in Earth Magic
  1097 | D:2      | You fall into a shaft and drop 2 floors!
  1120 | D:4      | Noticed a howler monkey
  1229 | D:3      | Found an iron altar of Okawaru.
  1317 | D:3      | Reached XP level 3. HP: 26/26 MP: 2/6
  1570 | D:3      | Gained mutation: A weak demonic guardian rushes to your
                  | aid. [demonic ancestry]
  1570 | D:3      | Reached XP level 4. HP: 33/33 MP: 5/8
  1651 | D:2      | Found an iron altar of Okawaru.
  1711 | D:$      | Got out of the dungeon alive.

Illustrated notes

Levels and vault maps discovered:
D:1:      amcnicky_arrival_flooded_fountain, layout_rooms
D:2:      layout_rooms, basic_altar, hellmonk_ecumenical_altar_arch_garden,
          grunt_decor_resistance, minmay_ruptured, uniq_terence
D:3:      layout_loops_corners, mainiacjoe_overflow_alcove_2,
          okawaru_gym_becter, minmay_misc_feat_secret_circle
D:4:      layout_cave_pods, grunt_tough_drop

Skill      XL: |  1  2  3 |
---------------+----------+-----
Fighting       | 1 2 |  2.0
Earth Magic    | 3 |  3.4
Dodging        | |  1.7
Stealth        | |  1.7
Spellcasting   | |  2.8
Transmutations | |  0.8

Action                   |  1- 3 |  4- 6 || total
-------------------------+-------+-------++-------
Melee: Club              |    11 |       ||    11
       Spear             |     3 |       ||     3
 Cast: Sandblast         |    41 |     2 ||    43
 Stab: Sleeping          |     2 |       ||     2
Armor: Robe              |    13 |       ||    13
Dodge: Dodged            |    20 |     1 ||    21
